 Dungeon Sprint DCSS version 0.19.1 (webtiles) character file.

14121 Groucho the Severer (level 11, 0/114 HPs)
             Began as a Minotaur Gladiator on Dec 1, 2016.
             Was the Champion of Uskayaw.
             Slain by an orc knight
             ... wielding a +0 dire flail
              (16 damage)
             ... in the Dungeon (Sprint IX: "|||||||||||||||||||||||||||||").
             The game lasted 00:05:31 (2725 turns).

Groucho the Severer (Minotaur Gladiator)            Turns: 2725, Time: 00:05:31

Health: 0/114      AC: 20    Str: 23    XL:     11   Next: 84%
Magic:  12/13      EV: 17    Int:  5    God:    Uskayaw [******]
Gold:   1257       SH:  0    Dex: 11    Spells: 0 memorised, 10 levels left

rFire  . . .     SeeInvis .     a - +7 battleaxe
rCold  . . .     Gourm    .     h - +1 chain mail {rPois}
rNeg   . . .     Faith    .     (shield currently unavailable)
rPois  +         Spirit   .     c - +0 hat
rElec  .         Reflect  .     A - +0 cloak
rCorr  .         Harm     .     y - +0 pair of gloves
MR     .....     NoTele   +     (no boots)
Stlth  ..........               (no amulet)
                                r - +2 ring of evasion
                                b - +2 ring of protection

@: exhausted, slowed, very slow
A: retaliatory headbutt, horns 2
a: Stomp, Line Pass, Grand Finale, Renounce Religion


You were in the Dungeon.
You worshipped Uskayaw.
Uskayaw was noncommittal.
You were not hungry.

You visited 1 branch You collected 1257 gold pieces.

Inventory:

Hand Weapons
 a - a +7 battleaxe (weapon)
 p - a +2 morningstar of protection
Missiles
 d - 3 throwing nets (quivered)
Armour
 c - a +0 hat (worn)
 h - a +1 chain mail of poison resistance (worn)
 y - a +0 pair of gloves (worn)
 A - a +0 cloak (worn)
Jewellery
 b - a +2 ring of protection (left hand)
 r - a +2 ring of evasion (right hand)
 v - an uncursed ring of resist corrosion
Wands
 o - a wand of acid (6/15)
Scrolls
 k - a scroll of blinking
 l - 2 scrolls of enchant armour
 m - 3 scrolls of remove curse
 n - 2 scrolls of amnesia
 s - a scroll of identify
 u - a scroll of fear
Potions
 e - 6 potions of curing
 f - a potion of might
 g - a potion of heal wounds
 i - 4 potions of magic
Comestibles
 w - 40 fruits
 x - 11 bread rations
 z - 12 meat rations


   Skills:
 * Level 15.6 Fighting
 * Level 15.8 Axes
 - Level 2.0 Throwing
 * Level 15.5 Armour
 * Level 14.8 Dodging
 + Level 13.7 Unarmed Combat
 + Level 4.1 Invocations


You had 10 spell levels left.
You didn't know any spells.

Dungeon Overview and Level Annotations

Branches:
Dungeon (1/1)

Altars:
Cheibriados
Dithmenos
Elyvilon
Fedhas
Gozag
Hepliaklqana
Kikubaaqudgha
Makhleb
Nemelex Xobeh
Okawaru
Qazlal
Ru
Sif Muna
Trog
Uskayaw
Vehumet
Xom
Yredelemnul
Zin
The Shining One
Beogh
Jiyva
Lugonu

Shops:
D (


Innate Abilities, Weirdness & Mutations

You reflexively headbutt those who attack you in melee.
You have a pair of horns on your head.


Message History

The orc knight is no longer paralysed.
An orc knight comes into view. It is wielding a long sword.
The orc knight shouts!
You cut the orc knight into ribbons!!!
You kill the orc knight!
Your Invocations skill increases to level 4!
You are no longer berserk.
You are exhausted.
You feel yourself slow down.
The orc warrior is no longer paralysed.
The orc knight is no longer paralysed.
Unknown command.
You slice the orc knight!!
The orc knight is heavily wounded.
The orc knight hits you with a dire flail.
* * * LOW HITPOINT WARNING * * *
You slash the orc knight!
You headbutt the orc knight, but do no damage.
The orc knight is severely wounded.
The orc knight hits you with a dire flail!
You die...

▓▓▓▓▓▓▓▓▓▓▓▓▓▓▓▓▓▓▓▓▓▓▓▓▓▓▓▓▓
oo$o$$)o..oo@))[)))'.....)[))
▓▓▓▓▓▓▓▓▓▓▓▓▓▓▓▓▓▓▓▓▓▓▓▓▓▓▓▓▓▓▓▓▓
.................................
▓▓▓▓▓▓▓▓▓▓▓▓▓▓▓▓▓▓▓▓▓▓▓▓▓▓▓▓▓▓▓▓▓
[........'.........'.........'..÷
▓▓▓▓▓▓▓▓▓▓▓▓▓▓▓▓▓▓▓▓▓▓▓▓▓▓▓▓▓▓▓▓▓
.................................
▓▓▓▓▓▓▓▓▓▓▓▓▓▓▓▓▓▓▓▓▓▓▓▓▓▓▓▓▓▓▓▓▓
..[[[)|..'.______________________


You could see 2 orc knights and an orc warrior.

Vanquished Creatures
  A dire elephant (D)
  A tengu warrior (D)
  An unseen horror (D)
  2 hill giants (D)
  9 orc knights (D)
  A black mamba (D)
  7 elephants (D)
  3 spiny frogs (D)
  A rime drake (D)
  A tengu conjurer (D)
  6 hippogriffs (D)
  2 basilisks (D)
  A hungry ghost (D)
  2 water moccasins (D)
  2 porcupines (D)
  8 orc warriors (D)
  2 crocodiles (D)
  2 bullfrogs (D)
  5 orc priests (D)
  4 orc wizards (D)
  A hound (D)
  An adder (D)
  A shadow imp (D)
  An ooze (D)
  5 orcs (D)
  A bat zombie (D)
  A goblin (D)
  2 kobolds (D)
  A bat (D)
  A giant cockroach zombie (D)
  A jackal zombie (D)
  A rat (D)
78 creatures vanquished.

Notes
Turn   | Place    | Note
-------+----------+-------------------------------------------
     0 | D        | Groucho the Minotaur Gladiator began the quest for the Orb.
     0 | D        | Reached XP level 1. HP: 18/18 MP: 0/0
     4 | D        | Reached skill level 1 in Armour
     6 | D        | Reached skill level 1 in Unarmed Combat
   235 | D        | Reached XP level 2. HP: 26/26 MP: 1/1
   242 | D        | Reached XP level 3. HP: 33/33 MP: 2/2
   539 | D        | Found a roughly hewn altar of Beogh.
   539 | D        | Found a snail-covered altar of Cheibriados.
   539 | D        | Found a shadowy altar of Dithmenos.
   539 | D        | Found a white marble altar of Elyvilon.
   539 | D        | Found a blossoming altar of Fedhas.
   539 | D        | Found an opulent altar of Gozag.
   540 | D        | Found a hazy altar of Hepliaklqana.
   541 | D        | Found a viscous altar of Jiyva.
   542 | D        | Found an ancient bone altar of Kikubaaqudgha.
   543 | D        | Found a corrupted altar of Lugonu.
   544 | D        | Found a burning altar of Makhleb.
   545 | D        | Found a sparkling altar of Nemelex Xobeh.
   546 | D        | Found an iron altar of Okawaru.
   547 | D        | Found a stormy altar of Qazlal.
   548 | D        | Found a sacrificial altar of Ru.
   549 | D        | Found a deep blue altar of Sif Muna.
   550 | D        | Found a bloodstained altar of Trog.
   551 | D        | Found a hide-covered altar of Uskayaw.
   552 | D        | Found a radiant altar of Vehumet.
   553 | D        | Found a shimmering altar of Xom.
   554 | D        | Found a basalt altar of Yredelemnul.
   555 | D        | Found a glowing silver altar of Zin.
   556 | D        | Found a glowing golden altar of the Shining One.
   559 | D        | Became a worshipper of Uskayaw the Reveler
   600 | D        | Noticed an orc warrior
   600 | D        | Noticed a water moccasin
   600 | D        | Noticed a hippogriff
   600 | D        | Noticed a hill giant
   600 | D        | Noticed a hippogriff
   601 | D        | Reached * piety under Uskayaw
   603 | D        | Killed a hippogriff
   603 | D        | Reached skill level 5 in Armour
   603 | D        | Reached skill level 5 in Unarmed Combat
   603 | D        | Reached XP level 4. HP: 29/45 MP: 3/3
   603 | D        | Reached XP level 5. HP: 33/51 MP: 4/4
   603 | D        | Reached ** piety under Uskayaw
   606 | D        | Reached *** piety under Uskayaw
   607 | D        | Killed a hill giant
   607 | D        | Reached XP level 6. HP: 42/62 MP: 5/5
   607 | D        | Reached XP level 7. HP: 46/69 MP: 6/6
   608 | D        | Reached **** piety under Uskayaw
   609 | D        | Reached ***** piety under Uskayaw
   610 | D        | Killed a hippogriff
   614 | D        | Reached skill level 10 in Axes
   614 | D        | Reached XP level 8. HP: 55/79 MP: 7/7
   621 | D        | Noticed a tengu warrior
   621 | D        | Noticed a tengu conjurer
   621 | D        | Noticed a hill giant
   628 | D        | Reached ****** piety under Uskayaw
   641 | D        | Killed a hill giant
   641 | D        | Reached skill level 10 in Fighting
   641 | D        | Reached skill level 10 in Armour
   641 | D        | Reached skill level 10 in Dodging
   641 | D        | Killed a tengu conjurer
   649 | D        | Killed a tengu warrior
   649 | D        | Reached skill level 10 in Unarmed Combat
   649 | D        | Reached XP level 9. HP: 32/89 MP: 4/8
   664 | D        | Killed an unseen horror
  1025 | D        | Noticed a spiny frog
  1025 | D        | Noticed a black mamba
  1025 | D        | Noticed a spiny frog
  1036 | D        | Noticed a rime drake
  1040 | D        | Killed a spiny frog
  1046 | D        | Killed a black mamba
  1046 | D        | Reached XP level 10. HP: 73/99 MP: 9/9
  1052 | D        | Killed a spiny frog
  1082 | D        | Noticed a spiny frog
  1095 | D        | Killed a spiny frog
  1135 | D        | Noticed an elephant
  1135 | D        | Noticed an elephant
  1135 | D        | Noticed an elephant
  1135 | D        | Noticed an elephant
  1135 | D        | Noticed an elephant
  1135 | D        | Noticed a dire elephant
  1658 | D        | Killed an elephant
  1669 | D        | Killed a dire elephant
  1676 | D        | Killed an elephant
  1684 | D        | Killed an elephant
  1684 | D        | Reached XP level 11. HP: 54/110 MP: 10/10
  1742 | D        | Reached skill level 1 in Invocations
  2245 | D        | Noticed an orc knight
  2267 | D        | Killed an orc knight
  2307 | D        | Noticed an orc knight
  2307 | D        | Noticed an orc knight
  2320 | D        | Killed an orc knight
  2320 | D        | Reached skill level 15 in Axes
  2329 | D        | Noticed an orc knight
  2334 | D        | Killed an orc knight
  2339 | D        | Reached skill level 15 in Fighting
  2347 | D        | Killed an orc knight
  2350 | D        | Reached skill level 15 in Armour
  2686 | D        | Found Ypletea's Weapon Boutique.
  2686 | D        | Noticed an orc knight
  2686 | D        | Noticed an orc knight
  2686 | D        | Noticed an orc knight
  2686 | D        | Noticed an orc knight
  2686 | D        | Noticed an orc knight
  2688 | D        | Noticed an orc knight
  2697 | D        | Killed an orc knight
  2711 | D        | Killed an orc knight
  2715 | D        | Killed an orc knight
  2717 | D        | Killed an orc knight
  2723 | D        | Noticed an orc knight
  2723 | D        | Killed an orc knight
  2725 | D        | Slain by an orc knight

Skill      XL: |  1  2  3  4  5  6  7  8  9 10 11 |
---------------+----------------------------------+-----
Armour         | 2 5 8 9 11 12 13 15 | 15.5
Unarmed Combat | 1 2 5 7 8 10 11 12 13 | 13.7
Axes           | 4 7 9 10 11 12 14 15 | 15.8
Fighting       | 3 6 8 9 11 12 14 15 | 15.6
Dodging        | 4 6 8 9 11 12 13 14 | 14.8
Invocations    | 4 |  4.1
Throwing       | |  2.0

Action                   |  1- 3 |  4- 6 |  7- 9 | 10-12 || total
-------------------------+-------+-------+-------+-------++-------
Melee: War axe           |    20 |     3 |    55 |   161 ||   239
       Headbutt          |     2 |     1 |     9 |    44 ||    56
       Punch             |       |     1 |     2 |    13 ||    16
       Battleaxe         |       |       |       |    28 ||    28
Invok: Line Pass         |       |       |     1 |       ||     1
Evoke: Wand              |       |       |       |     1 ||     1
  Use: Potion            |       |     1 |     2 |     8 ||    11
       Scroll            |       |       |       |     5 ||     5
 Stab: Paralysed         |       |     1 |     5 |    13 ||    19
       Invisible         |       |       |     2 |       ||     2
  Eat: Bread ration      |       |       |     1 |     1 ||     2
Armor: Leather armour    |     1 |       |       |       ||     1
       Scale mail        |     2 |       |    36 |    20 ||    58
       Chain mail        |       |       |       |     2 ||     2
Dodge: Dodged            |    15 |     3 |    43 |    99 ||   160
